 Dungeon Crawl Stone Soup version 0.18.1-50-g88ac8fd (webtiles) character file.

561 Necrotakul the Digger (level 7, -6/36 HPs)
             Began as a Gargoyle Earth Elementalist on Oct 22, 2016.
             Was an Initiate of Makhleb.
             Killed from afar by an orc wizard (8 damage)
             ... with a puff of flame
             ... on level 4 of the Dungeon.
             The game lasted 00:23:24 (4789 turns).

Necrotakul the Digger (Gargoyle Earth Elementalist) Turns: 4789, Time: 00:23:25

Health: -6/36      AC:  6    Str: 16    XL:     7   Next: 31%
Magic:  11/14      EV: 12    Int: 18    God:    Makhleb [......]
Gold:   140        SH:  4    Dex: 10    Spells: 3 memorised, 10 levels left

rFire  . . .     SeeInvis .     s - +3 hand axe
rCold  . . .     Gourm    .     a - +0 robe
rNeg   + . .     Faith    .     h - +0 buckler
rPois  ∞         Spirit   .     (no helmet)
rElec  +         Dismiss  .     (no cloak)
rCorr  .         Reflect  .     (no gloves)
SustAt .         Harm     .     (no boots)
MR     .....                    (no amulet)
Stlth  ++........               (no ring)
                                x - +5 ring of strength

@: not resistant to hostile enchantments, unstealthy
A: negative energy resistance 1, electricity resistance, unbreathing,
petrification resistance, rot immunity, AC +4
a: Renounce Religion


You were on level 4 of the Dungeon.
You worshipped Makhleb.
Makhleb was noncommittal.
You were not hungry.

You visited 1 branch of the dungeon, and saw 4 of its levels.

You collected 140 gold pieces.

Inventory:

Hand Weapons
 s - a +3 hand axe (weapon)
Missiles
 y - 2 tomahawks (quivered)
Armour
 a - a +0 robe (worn)
 h - a +0 buckler (worn)
Jewellery
 x - a +5 ring of strength (left hand)
Wands
 l - a wand of lightning (7/15)
Scrolls
 b - a scroll of enchant armour {unknown}
 g - a scroll of fear {unknown}
 j - 3 scrolls of identify
 k - 2 scrolls of fog
 m - a scroll of blinking
 q - a scroll of noise {unknown}
 t - a scroll of amnesia {unknown}
 w - a scroll of remove curse {unknown}
 B - a scroll of teleportation {unknown}
Potions
 e - a potion of brilliance {unknown}
 i - a potion of cure mutation {unknown}
 n - a potion of cancellation {unknown}
 r - a potion of magic {unknown}
 v - a potion of agility {unknown}
 z - a potion of curing {unknown}
 A - a potion of might {unknown}
 C - a potion of berserk rage {unknown}
Books
 c - a book of Geomancy

   Spells                             Type                      Level
   a - Sandblast                      Earth                        1
   b - Passwall                       Transmutation/Earth          2
   c - Stone Arrow                    Conjuration/Earth            3
   d - Petrify                        Transmutation/Earth          4
   e - Lee's Rapid Deconstruction     Earth                        5
Comestibles
 d - 2 bread rations
 f - a beef jerky
 o - 3 fruits
 p - a chunk of flesh
 u - a meat ration


   Skills:
 - Level 1.5 Dodging
 - Level 2.1 Stealth
 - Level 4.0 Shields
 - Level 5.0 Spellcasting
 - Level 0.7 Transmutations
 + Level 6.0 Earth Magic


You had 10 spell levels left.
You knew the following spells:

 Your Spells              Type           Power        Failure   Level  Hunger
a - Sandblast             Erth           ####..       1%          1    None
b - Passwall              Trmt/Erth      ###.......   6%          2    #......
c - Stone Arrow           Conj/Erth      ###...       14%         3    ##.....


Dungeon Overview and Level Annotations

Branches:
Dungeon (4/15)
 Temple: D:4-7

Altars:
Elyvilon
Fedhas
Makhleb
Sif Muna
Trog
Xom


Innate Abilities, Weirdness & Mutations

You are resistant to torment.
Your stone body is resilient (AC +4).
You are immune to poison.
You resist negative energy.
You are resistant to electric shocks.
You can survive without breathing.
You are immune to petrification.
You are immune to rotting.


Message History

The orc wizard casts a spell.
The orc wizard flickers and vanishes!
Deactivating autopickup; reactivate with Ctrl-A.
Casting: Stone Arrow
Confirm with . or Enter, or press ? or * to list all spells.
You can't see any susceptible monsters within range! (Use Z to cast anyway.) Unknown command.
You miss something.
You hear some strange, mumbled words.
A puff of flame appears from out of thin air!
The puff of flame hits you!
* * * LOW HITPOINT WARNING * * *
Something hits you.
* * * LOW HITPOINT WARNING * * *
You barely miss something.
Something hits you but does no damage. x2
You barely miss something.
You hear some strange, mumbled words.
A puff of flame appears from out of thin air!
The puff of flame hits you!
You die...

...#..................#.....#
...#..................#.....#
...###########........+.....+
'######.....##.......##.....#
......'..)..##..<....##.....##.
......#.....##.......##........
......#........................
......#........................
......#.........@)..........##.
......#........)){..........#####
....###.....##...............#...
....###.....####'###'#########...
............##....##.####...##...
...................#........##...
...................#........##...
.(.................#.............
...................#.............


There were no monsters in sight!

Vanquished Creatures
  A phantom (D:3)
  An orc priest (D:4)
  2 orc wizards
  An iguana (D:4)
  Natasha (twice) (D:4)
  3 worker ants (D:4)
  A hound skeleton (D:4)
  12 adders
  An ooze (D:2)
  4 worms
  A dart slug (D:3)
  3 giant geckos
  12 orcs
  8 giant cockroaches
  7 goblins
  5 hobgoblins
  11 jackals
  3 ball pythons
  8 bats
  2 giant newts
  10 kobolds
  7 rats
105 creatures vanquished.

Notes
Turn   | Place    | Note
--------------------------------------------------------------
     0 | D:1      | Necrotakul the Gargoyle Earth Elementalist began the quest for the Orb.
     0 | D:1      | Reached XP level 1. HP: 10/10 MP: 3/3
   200 | D:1      | Reached skill level 4 in Earth Magic
   273 | D:1      | Reached XP level 2. HP: 12/15 MP: 5/5
   452 | D:1      | Learned a level 2 spell: Passwall
   924 | D:2      | Reached XP level 3. HP: 12/19 MP: 6/6
  1061 | D:2      | Learned a level 3 spell: Stone Arrow
  1194 | D:2      | Found a white marble altar of Elyvilon.
  1200 | D:2      | Found a bloodstained altar of Trog.
  1398 | D:2      | Found a blossoming altar of Fedhas.
  1468 | D:2      | Found a shimmering altar of Xom.
  1725 | D:2      | Reached XP level 4. HP: 20/24 MP: 3/8
  2166 | D:2      | Reached skill level 5 in Earth Magic
  2310 | D:3      | Found a deep blue altar of Sif Muna.
  2362 | D:3      | Noticed a phantom
  2484 | D:3      | Reached XP level 5. HP: 24/28 MP: 6/10
  2769 | D:3      | Killed a phantom
  3057 | D:4      | Reached skill level 5 in Spellcasting
  3057 | D:4      | Reached XP level 6. HP: 12/32 MP: 8/13
  3087 | D:4      | Reached skill level 1 in Shields
  3260 | D:4      | Noticed Natasha
  3274 | D:4      | Killed Natasha
  3494 | D:4      | Noticed Natasha
  3502 | D:4      | Killed Natasha
  3556 | D:4      | Noticed a sky beast
  3842 | D:4      | Found a burning altar of Makhleb.
  3842 | D:4      | Noticed a balrug
  3849 | D:4      | Noticed a smoke demon
  3849 | D:4      | Noticed a neqoxec
  3851 | D:4      | Became a worshipper of Makhleb the Destroyer
  4046 | D:3      | Reached XP level 7. HP: 13/36 MP: 14/14
  4777 | D:4      | Reached skill level 6 in Earth Magic
  4789 | D:4      | Killed from afar by an orc wizard

Skill      XL: |  1  2  3  4  5  6  7 |
---------------+----------------------+-----
Earth Magic    | 4 5 6 |  6.0
Spellcasting   | 3 5 |  5.0
Shields        | 3 4 |  4.0
Dodging        | |  1.5
Stealth        | |  2.1
Transmutations | |  0.7

Action                   |  1- 3 |  4- 6 |  7- 9 || total
-------------------------+-------+-------+-------++-------
Melee: Short sword       |     9 |       |       ||     9
       Spear             |   117 |    36 |       ||   153
       Hand axe          |       |   114 |    72 ||   186
Throw: Tomahawk          |       |       |     1 ||     1
 Cast: Sandblast         |    23 |    45 |       ||    68
       Stone Arrow       |       |       |     4 ||     4
  Use: Scroll            |       |     3 |     1 ||     4
       Potion            |       |     1 |     1 ||     2
 Stab: Sleeping          |     7 |     3 |       ||    10
       Distracted        |       |     1 |       ||     1
  Eat: Chunk             |     3 |     7 |     3 ||    13
Armor: Robe              |    38 |    75 |    31 ||   144
Dodge: Dodged            |    78 |   118 |    52 ||   248
Block: Buckler           |       |       |    13 ||    13
